 Dungeon Crawl Stone Soup version 0.30-a0-1016-gfb0d676c02 (webtiles) character file.

Game seed: 12308815866215289012

6109 BlueFish the Covert (level 10, -2/65 HPs)
             Began as an Octopode Transmuter on Apr 6, 2023.
             Slain by Erica
             ... wielding a +1 scimitar of flaming
              (5 damage)
             ... on level 8 of the Dungeon.
             The game lasted 00:22:57 (10240 turns).

BlueFish the Covert (Octopode Transmuter)          Turns: 10240, Time: 00:22:58

Health: -2/65      AC:  1    Str: 13    XL:     10   Next: 89%
Magic:  15/16      EV: 20    Int: 16    God:
Gold:   346        SH:  0    Dex: 13    Spells: 4/18 levels left

rFire   . . .      SeeInvis .      - Unarmed
rCold   . . .      Faith    .    (no shield)
rNeg    . . .      Spirit   .    (helmet restricted)
rPois   +          Reflect  .    (no amulet)
rElec   .          Rampage  .    d - +5 ring of evasion
rCorr   +                        i - ring of resist corrosion
Will    .....                    A - ring of poison resistance
Stlth   +++++                    (no ring)
HPRegen 0.30/turn                (no ring)
MPRegen 0.15/turn                (no ring)
                                 (no ring)
                                 (no ring)

@: no status effects
A: almost no armour, amphibious, 8 rings, camouflage 1, gelatinous body 1,
(nimble swimmer 1), tentacles
a: no special abilities


You were on level 8 of the Dungeon.
You visited 1 branch of the dungeon, and saw 8 of its levels.
You also visited: Sewer and Bailey.

You collected 346 gold pieces.

Inventory:

Missiles
 b - 96 stones
 p - 33 poisoned darts (quivered)
 C - 4 boomerangs
 D - 5 silver javelins
Armour
 z - a +1 buckler
Jewellery
 d - a +5 ring of evasion (left tentacle)
 i - a ring of resist corrosion (right tentacle)
 A - a ring of poison resistance (on tentacle)
Wands
 v - a wand of roots (9)
 x - a wand of digging (7)
 F - a wand of flame (39)
Scrolls
 c - 3 scrolls of magic mapping {unknown}
 e - a scroll of immolation {unknown}
 j - a scroll of teleportation
 n - a scroll of noise {unknown}
 s - a scroll of amnesia {unknown}
 t - a scroll of fog
 y - a scroll of enchant armour
 B - 2 scrolls of torment {unknown}
 E - a scroll of acquirement {unknown}
 H - a scroll of summoning {unknown}
Potions
 a - a potion of lignification
 f - 6 potions of curing
 g - 2 potions of brilliance
 h - 2 potions of attraction {unknown}
 k - 3 potions of haste
 l - a potion of berserk rage {unknown}
 m - 2 potions of might
 o - 8 potions of mutation
 q - a potion of flight {unknown}
 r - 2 potions of cancellation {unknown}
 w - 2 potions of magic {unknown}
 G - a potion of invisibility


   Skills:
 + Level 4.6 Fighting
 + Level 4.3 Throwing
 + Level 5.1 Dodging
 * Level 9.4 Stealth
 + Level 3.5 Shields
 + Level 5.4 Unarmed Combat
 + Level 4.6 Spellcasting
 + Level 5.1 Transmutations
 * Level 4.6 Ice Magic
 + Level 6.5 Poison Magic
 + Level 3.6 Evocations


You had 4 spell levels left.
You knew the following spells:

 Your Spells              Type           Power      Damage    Failure   Level
a - Beastly Appendage     Tmut           40%        N/A       1%          1
b - Wereblood             Tmut           20%        N/A       3%          2
c - Spider Form           Tmut/Pois      22%        N/A       4%          3
d - Ice Form              Ice/Tmut       19%        N/A       22%         4
e - Olgreb's Toxic Radia  Pois           24%        N/A       11%         4

Your spell library contained the following spells:

 Spells                   Type           Power      Damage    Failure   Level
 Sting                    Tmut/Pois      88%        1d7       1%          1
 Poisonous Vapours        Pois/Air       28%        N/A       6%          2
 Tukima's Dance           Hex            3%         N/A       43%         3
 Volatile Blastmotes      Fire/Tloc      6%         2d10      43%         3
 Fulminant Prism          Conj/Hex       1%         3d5       85%         4
 Iskenderun's Mystic Bla  Conj/Tloc      3%         2d3       85%         4
 Passage of Golubria      Tloc           3%         N/A       85%         4
 Yara's Violent Unravell  Hex/Tmut       5%         3d4       83%         5
 Lee's Rapid Deconstruct  Erth           1%         3d4*      99%         5


Dungeon Overview and Level Annotations

Branches:
Dungeon (8/15)             Temple (0/1) D:7           Sewer (visited)
 Bailey (visited)
   Lair: D:8-11

Altars:
Dithmenos
Elyvilon
Qazlal
Uskayaw
Wu Jian

Portals:
Abyss: D:5

Annotations:
D:5 2 transporters, Demosthentine's ghost, novice DsGl
D:7 3 runed translucent doors, diodin's ghost, novice DrTm
D:8 Erica


Innate Abilities, Weirdness & Mutations

You cannot wear most types of armour.
You are amphibious.
You can wear up to eight rings at the same time.
Your skin changes colour to match your surroundings (Stealth+).
Your rubbery body absorbs attacks. (AC +1, EV +1)
((You are camouflaged when in or above water. (Stealth+)))
You have tentacles for arms and can constrict up to eight enemies at once.


Message History

You turn into a venomous arachnid creature.
Really crawl into a travel-excluded area?
The helpless Erica fails to defend herself.
You hit Erica.
Erica is lightly wounded.
Erica completely misses you.
You bite Erica!
Erica is lightly wounded.
Your transformation is almost over.
Erica hits you with a +1 scimitar of flaming!
Erica burns you.
You hit Erica.
Erica is poisoned.
Erica is moderately wounded.
Erica closely misses you.
You barely miss Erica.
Erica is moderately wounded.
You hit Erica.
Erica looks as sick as possible!
Erica is moderately wounded.
Erica completely misses you.
You hit Erica.
Erica looks as sick as possible!
Erica is heavily wounded.
Erica drinks a potion.
Erica flickers and vanishes!
Deactivating autopickup; reactivate with Ctrl-A.
You closely miss something. Something hits you! Something burns you.
You hit something but do no damage.
You hear some strange, mumbled words.
Something tries to affect you, but you resist.
You hit something. Something hits you! Something burns you.
You barely miss something. Something misses you.
You miss something. Something misses you.
You barely miss something.
Your transformation has ended.
Something hits you!
* * * LOW HITPOINT WARNING * * *
Something burns you!
* * * LOW HITPOINT WARNING * * *
Okay, then.
Okay, then.
Something hits you.
You die...

########### ######.........#
#.......#..###.# #.......#..# #.#
#.......#..# #.# #.......#..# #.#
#.......#..###.#
#######.......#..#<..#
|...............@################
.................{...............
######....$..#.######.###########
# #..######.# #....... # #..# #.#
#....... ######..#### #.#
#....... ...........###..
#....... ######..##..######
#..).... # #...........# #.......


There were no monsters in sight!

Vanquished Creatures
  2 vault guards (Bailey)
  Pikel (D:8)
  A hornet (D:7)
  Prince Ribbit (Bailey)
  3 humans (Bailey)
  A water moccasin (D:7)
  2 ogres
  2 black bears
  2 ice beasts
  4 centaurs
  2 phantoms (D:7)
  4 lemures (D:8)
  6 kobold brigands
  12 bullfrogs
  4 scorpions
  8 wights
  A howler monkey (D:8)
  4 jellies
  2 orc priests (D:4)
  2 sleepcaps (D:5)
  An iguana (D:5)
  Terence (D:2)
  Natasha (thrice) (D:4)
  3 orc wizards
  11 adders
  A river rat (Sewer)
  2 ufetubi
  5 worms
  3 dart slugs
  13 orcs
  9 ball pythons
  5 bats
  8 endoplasms
  4 giant cockroaches
  13 goblins
  4 hobgoblins
  7 jackals
  A quokka (D:3)
  A frilled lizard (D:3)
  22 kobolds
  6 rats
187 creatures vanquished.

Vanquished Creatures (others)
  3 plants (D:6)
3 creatures vanquished.

Grand Total: 190 creatures vanquished

Notes
Turn   | Place    | Note
-------+----------+-------------------------------------------
     0 | D:1      | BlueFish the Octopode Transmuter began the quest for the
                  | Orb.
     0 | D:1      | Reached XP level 1. HP: 13/13 MP: 3/3
   199 | D:1      | Found a faded altar of an unknown god.
   689 | D:1      | Reached XP level 2. HP: 15/18 MP: 3/5
   692 | D:1      | Learned a level 2 spell: Wereblood
   716 | D:1      | Reached skill level 1 in Stealth
  1311 | D:2      | Reached skill level 2 in Stealth
  1311 | D:2      | Reached XP level 3. HP: 22/23 MP: 6/6
  1315 | D:2      | Learned a level 3 spell: Spider Form
  1520 | D:2      | Noticed Terence
  1749 | D:2      | Killed Terence
  1750 | D:2      | Reached XP level 4. HP: 28/28 MP: 3/7
  1856 | D:3      | Reached skill level 1 in Poison Magic
  1873 | D:3      | Noticed an ogre
  1917 | D:3      | Reached skill level 3 in Stealth
  1917 | D:3      | Reached XP level 5. HP: 10/34 MP: 5/8
  2070 | D:3      | Reached skill level 1 in Throwing
  2145 | D:3      | Found a glowing drain.
  2149 | Sewer    | Entered a sewer
  2210 | Sewer    | Noticed a kobold brigand
  2306 | Sewer    | Noticed a kobold brigand
  2346 | Sewer    | Noticed a kobold brigand
  2361 | Sewer    | Reached XP level 6. HP: 33/39 MP: 6/10
  2560 | Sewer    | Reached skill level 4 in Stealth
  2863 | D:3      | Reached XP level 7. HP: 45/45 MP: 11/11
  2868 | D:3      | Learned a level 4 spell: Ice Form
  3336 | D:4      | Reached skill level 5 in Stealth
  3336 | D:4      | Reached skill level 1 in Ice Magic
  3385 | D:4      | Noticed Natasha
  3400 | D:4      | Killed Natasha
  3581 | D:4      | Noticed Natasha
  3590 | D:4      | Killed Natasha
  3652 | D:4      | Reached XP level 8. HP: 41/51 MP: 8/12
  3740 | D:4      | Noticed Natasha
  3746 | D:4      | Killed Natasha
  3931 | D:5      | Entered Level 5 of the Dungeon
  4253 | D:5      | Reached skill level 6 in Stealth
  4407 | D:5      | Found a stormy altar of Qazlal.
  4445 | D:5      | Found a transporter.
  4475 | D:5      | Noticed an ancient zyme
  4767 | D:5      | Found a transporter.
  4767 | D:5      | Found a one-way gate to the infinite horrors of the Abyss.
  4767 | D:5      | Noticed Demosthentine's ghost (novice DsGl)
  5125 | D:5      | Reached skill level 5 in Poison Magic
  5227 | D:6      | Found a white marble altar of Elyvilon.
  5527 | D:6      | Reached XP level 9. HP: 57/57 MP: 11/14
  5532 | D:6      | Reached skill level 1 in Shields
  5532 | D:6      | Reached skill level 1 in Evocations
  5802 | D:6      | Learned a level 4 spell: Olgreb's Toxic Radiance
  6260 | D:7      | Reached skill level 7 in Stealth
  6372 | D:7      | Found an ornate altar of the Wu Jian Council.
  6445 | D:7      | Found a staircase to the Ecumenical Temple.
  6647 | D:7      | Found a hide-covered altar of Uskayaw.
  6776 | D:7      | Noticed a hornet
  7133 | D:7      | Identified the +5 long sword of Dutt {drain, rC- Will+
                  | rCorr Int+3}
  7448 | D:7      | Killed a hornet
  7495 | D:7      | Found a runed translucent gate.
  7495 | D:7      | Found a runed translucent gate.
  7495 | D:7      | Found a runed translucent gate.
  7496 | D:7      | Noticed a spectral unseen horror
  7497 | D:7      | Noticed diodin's ghost (novice DrTm)
  7749 | D:8      | Noticed Erica
  7778 | D:8      | Found a flagged portal.
  7790 | Bailey   | Entered a bailey
  7822 | Bailey   | Reached skill level 8 in Stealth
  7972 | Bailey   | Reached XP level 10. HP: 57/63 MP: 13/16
  8062 | Bailey   | Reached skill level 5 in Unarmed Combat
  8120 | Bailey   | Noticed a vault guard
  8157 | Bailey   | Killed a vault guard
  8287 | Bailey   | Noticed a vault guard
  8287 | Bailey   | Noticed Prince Ribbit
  8313 | Bailey   | Killed Prince Ribbit
  8636 | Bailey   | Killed a vault guard
  8637 | Bailey   | Reached skill level 9 in Stealth
  8637 | Bailey   | Reached skill level 5 in Transmutations
  8896 | D:8      | Reached skill level 5 in Dodging
  9105 | D:8      | Found a shadowy altar of Dithmenos.
  9548 | D:8      | Noticed Pikel
  9869 | D:8      | Killed Pikel
 10239 | D:8      | HP: 3/65 [something (9)]
 10240 | D:8      | Slain by Erica

Illustrated notes

Levels and vault maps discovered:
D:1:      roderic_crop_circles_arrival_small, layout_basic,
          ebering_ecumenical_altar_ruins, serial_corexii_hall,
          corexii_hall_statues_deadend, corexii_hall_statues_l,
          corexii_hall_statues_deadend, corexii_hall_statues_l,
          minmay_split_cup_small
D:2:      layout_basic, minmay_misc_feat_diagonals, minivault_14, uniq_terence
D:3:      layout_basic, gup_sewer_entry_bowl
D:4:      layout_rooms, kennysheep_generic_room_3, uniq_natasha
D:5:      layout_basic, mainiacjoe_overflow_small_starburst,
          gammafunk_ghost_abyssal_escape, minmay_misc_feat_encased
D:6:      corexii_shack_village, layout_loops_cross, elyvilon_altar_1,
          minmay_misc_feat_room
D:7:      layout_basic, kennysheep_little_box, pdpol_wu_jian_five_deadly_venoms,
          minmay_temple_entry_tees, gammafunk_ghost_necromancy
D:8:      layout_basic, nicolae_dithmenos_the_darkroom, enter_bailey_1,
          uniq_erica, uniq_pikel

Skill      XL: |  1  2  3  4  5  6  7  8  9 10 |
---------------+-------------------------------+-----
Stealth        | 2 3 4 5 6 8 9 |  9.4
Poison Magic   | 1 2 3 4 5 6 |  6.5
Throwing       | 1 2 3 4 |  4.3
Fighting       | 2 3 4 |  4.6
Dodging        | 3 4 5 |  5.1
Spellcasting   | 3 4 |  4.6
Transmutations | 3 4 5 |  5.1
Ice Magic      | 1 3 4 |  4.6
Unarmed Combat | 4 5 |  5.4
Shields        | 2 3 |  3.5
Evocations     | 2 3 |  3.6

Action                     |  1- 3 |  4- 6 |  7- 9 | 10-12 || total
---------------------------+-------+-------+-------+-------++-------
  Melee: Unarmed           |    68 |   111 |   299 |   182 ||   660
         Constrict         |    19 |    28 |    17 |     1 ||    65
         Tentacles         |    12 |    12 |    21 |     4 ||    49
         Punch             |     3 |     1 |     2 |       ||     6
         Kick              |     3 |    29 |    19 |       ||    51
  Throw: Dart              |       |       |    18 |    23 ||    41
   Cast: Beastly Appendage |     3 |    11 |     5 |       ||    19
         Wereblood         |     1 |     5 |     6 |     5 ||    17
         Spider Form       |     1 |     2 |    29 |    14 ||    46
         Ice Form          |       |       |     2 |     2 ||     4
    Use: Scroll            |       |       |     6 |     2 ||     8
         Potion            |       |       |       |     5 ||     5
   Stab: Sleeping          |     2 |    11 |    14 |     2 ||    29
 Armour: Skin              |     1 |     7 |     7 |     4 ||    19
  Dodge: Dodged            |    60 |    72 |   260 |   126 ||   518

Table legend: (Time is in decaauts)
 A = Elapsed time spent in this place.
 B = Non-inter-level travel time spent in this place.
 C = Inter-level travel time spent in this place.
 D = Time resting spent in this place.
 E = Time spent auto-exploring this place.
 F = Levels seen in this place.
 G = Mean time per level.
                   A        B        C        D        E       F      G
               +--------+--------+--------+--------+--------+-----+--------+
         Total |  10185 |   9828 |    357 |    204 |   7502 |  10 | 1018.5 |
       Dungeon |   8567 |   8210 |    357 |    202 |   6380 |   8 | 1070.9 |
         Sewer |    560 |    560 |      0 |      0 |    332 |   1 |  560.0 |
        Bailey |   1057 |   1057 |      0 |      2 |    790 |   1 | 1057.0 |
               +--------+--------+--------+--------+--------+-----+--------+

Top non-repeatable levels by time:
     D:7: 1427 daAuts
     D:8: 1427 daAuts
     D:5: 1380 daAuts
     D:1: 1154 daAuts
  Bailey: 1057 daAuts
     D:6: 978 daAuts
     D:4: 806 daAuts
     D:3: 749 daAuts
     D:2: 642 daAuts
   Sewer: 560 daAuts
